 Dungeon Crawl Stone Soup version 0.20-a0-1018-ge435b50 (console) character file.

101535 vuev the Severer (level 15, -3/216 HPs)
             Began as a Minotaur Monk on Apr 17, 2017.
             Was the Champion of Makhleb.
             Slain by Donald
             ... wielding a +0 eveningstar of flaming
              (9 damage)
             ... on level 1 of the Shoals.
             The game lasted 01:08:06 (32460 turns).

vuev the Severer (Minotaur Monk)                   Turns: 32460, Time: 01:08:07

Health: -3/216     AC: 25    Str: 26    XL:     15   Next: 83%
Magic:  20/20      EV: 12    Int:  7    God:    Makhleb [******]
Gold:   1928       SH:  0    Dex: 14    Spells: 14/14 levels left

rFire    . . .     SeeInvis .   G - +1 battleaxe (freeze)
rCold    + + .     Gourm    .   (shield currently unavailable)
rNeg     . . .     Faith    .   d - +1 plate armour {rC+}
rPois    .         Spirit   .   (helmet restricted)
rElec    .         Reflect  .   l - +1 cloak
rCorr    .         Harm     .   (no gloves)
MR       +....                  R - +0 pair of boots (curse)
Stlth    ..........             Z - amulet of rage
Regen    0.5/turn               U - ring "Igyweig" {rC+ Slay+2}
MPRegen  0.2/turn               K - +3 ring of protection

@: berserking, lethally poisoned (-3 -> -22), very quick
A: retaliatory headbutt, horns 2
a: Minor Destruction, Lesser Servant of Makhleb, Major Destruction, Greater
Servant of Makhleb, Renounce Religion, Evoke Berserk Rage


You were on level 1 of the Shoals.
You worshipped Makhleb.
Makhleb was exalted by your worship.
You were not hungry.

You visited 5 branches of the dungeon, and saw 25 of its levels.
You also visited: Sewer and Ice Cave.

You collected 2667 gold pieces.
You spent 739 gold pieces at shops.

Inventory:

Hand Weapons
 s - a +3 quarterstaff of chaos
 E - a +1 war axe of venom
 G - a +1 battleaxe of freezing (weapon)
Missiles
 V - 7 steel tomahawks (quivered)
Armour
 d - a +1 plate armour of cold resistance (worn)
 l - a +1 cloak (worn)
 R - a cursed +0 pair of boots (worn)
Jewellery
 t - a +3 ring of strength
 H - a +5 ring of evasion
 J - a +4 ring of intelligence
 K - a +3 ring of protection (right hand)
 N - an uncursed ring of protection from cold
 O - an uncursed ring of resist corrosion
 S - a +2 ring of protection
 U - the ring "Igyweig" (left hand) {rC+ Slay+2}
   (You found it in an ice cave)

   [ring of protection from cold]

   It affects your accuracy and damage with ranged weapons and melee attacks
   (+2).
   It protects you from cold.
 Z - an amulet of rage (around neck)
Wands
 a - a wand of random effects (16/48)
 e - a wand of acid (3/15)
 q - a wand of polymorph (15/24)
 u - a wand of lightning (5/15)
 w - a wand of enslavement (18/24)
 C - a wand of lightning (7/15)
 I - a wand of random effects (25/48)
 L - a wand of acid (8/15)
 P - a wand of polymorph (6/24)
 Q - a wand of digging (7/24)
 W - a wand of lightning (1/15)
Scrolls
 f - 12 scrolls of identify
 k - 2 scrolls of magic mapping
 m - 10 scrolls of teleportation
 n - 4 scrolls of vulnerability {unknown}
 r - 3 scrolls of enchant armour
 v - 11 scrolls of remove curse
 B - 3 scrolls of brand weapon
 D - 3 scrolls of enchant weapon
 M - 5 scrolls of blinking
 X - a scroll of fear
 Y - 4 scrolls of recharging
Potions
 h - 9 potions of flight
 i - 18 potions of curing
 j - 4 potions of mutation
 o - 2 potions of cancellation
 p - 2 potions of haste
 x - 4 potions of might
 z - 6 potions of heal wounds
 F - a potion of magic
Books
 g - Amop's Reference Book on Quantum Transformation
   (You found it on level 13 of the Dungeon)

   Spells                             Type                      Level
   a - Blink                          Translocation                2
   b - Passwall                       Transmutation/Earth          2
   c - Sticks to Snakes               Transmutation                2
   d - Spider Form                    Transmutation/Poison         3
   e - Yara's Violent Unravelling     Hexes/Transmutation          5
 y - a book of Power

   Spells                             Type                      Level
   a - Iskenderun's Battlesphere      Conjuration/Charms           5
   b - Venom Bolt                     Conjuration/Poison           5
   c - Bolt of Magma                  Conjuration/Fire/Earth       5
   d - Iron Shot                      Conjuration/Earth            6
   e - Orb of Destruction             Conjuration                  7
   f - Spellforged Servitor           Conjuration/Summoning        7
Comestibles
 b - 7 bread rations
 c - 13 meat rations
 A - 19 royal jellies


   Skills:
 + Level 16.0 Fighting
 + Level 19.8 Axes
 - Level 3.1 Throwing
 + Level 16.0 Armour
 + Level 7.1 Dodging
 - Level 3.2 Stealth
 - Level 4.0 Invocations
 - Level 8.0 Evocations


You had 14 spell levels left.
You didn't know any spells.

Dungeon Overview and Level Annotations

Branches:
Dungeon (15/15)            Temple (1/1) D:4            Lair (6/6) D:9
 Shoals (1/4) Lair:3        Snake (0/4) Lair:4        Slime (0/5) Lair:6
    Orc (2/2) D:12            Elf (0/3) Orc:2        Vaults (0/5) D:13
 Depths (0/5) D:15

Altars:
Ashenzari
Cheibriados
Dithmenos
Elyvilon
Fedhas
Gozag
Hepliaklqana
Kikubaaqudgha
Makhleb
Nemelex Xobeh
Okawaru
Qazlal
Ru
Sif Muna
Trog
Uskayaw
Vehumet
Wu Jian
Xom
Yredelemnul
Zin
The Shining One
Beogh

Shops:
D:4 (:(   D:9 [   D:10 *   D:11 ?   D:12 ([(   Orc:2 }![%   Shoals:1 =

Portals:
Pandemonium: Orc:2

Annotations:
D:4 exclusion: orc wizard
D:9 exclusion: ice statue
Lair:3 exclusion: oklob plant
Lair:6 exclusion: oklob plant
Shoals:1 Donald


Innate Abilities, Weirdness & Mutations

You reflexively headbutt those who attack you in melee.
You have a pair of horns on your head.


Message History

Donald hits you with an eveningstar of flaming!!!
Donald burns you!
* * * LOW HITPOINT WARNING * * *
You slash Donald! You freeze Donald.
Donald is severely wounded.
You feel sick.
Donald hits you with an eveningstar of flaming!!
* * * LOW HITPOINT WARNING * * *
Donald burns you!
* * * LOW HITPOINT WARNING * * *
You slash Donald! You freeze Donald. Your headbutt misses Donald.
Donald is almost dead.
You feel sick.
You closely miss Donald.
Donald is almost dead.
You feel sick.
Donald hits you with an eveningstar of flaming!!
* * * LOW HITPOINT WARNING * * *
Donald burns you!
You die...

...≈≈≈≈≈≈...≈≈≈
.....≈≈....≈≈≈≈
.......>...≈≈≈≈
.....∩.....≈≈≈≈
...........≈≈≈≈
..........≈≈≈≈≈
........≈≈≈≈≈≈≈
......≈@≈≈≈≈≈≈≈
.......@≈≈≈≈≈≈≈
.......≈≈≈≈≈≈≈≈
..##..≈≈≈≈≈≈≈≈≈
≈ ....≈≈.≈≈≈≈≈≈
≈≈..≈≈..≈≈≈≈≈≈
≈≈≈.......≈≈≈≈≈
≈≈≈....≈≈..≈≈≈≈


You could see Donald.

Vanquished Creatures
  A frost giant (IceCv)
  A dire elephant (D:15)
  A yaktaur captain (D:15)
  A vault guard (D:13)
  10 hydras
  A catoblepas (D:15)
  2 centaur warriors (D:13)
  A death knight (D:12)
  3 two-headed ogres
  A tengu warrior (D:15)
  4 death yaks
  4 orc high priests (Orc:2)
  8 slime creatures
  5 skeletal warriors
  A gelid demonspawn (Orc:2)
  A sea snake (Shoals:1)
  3 unseen horrors
  A deep troll (D:13)
  A torturous demonspawn (Orc:2)
  A phantasmal warrior (D:12)
  4 cyclopes
  5 orc knights
  2 deep elf magi
  10 orc sorcerers
  A salamander (D:15)
  2 manticores (D:15)
  13 elephants (Lair:6)
  2 rust devils (Orc:2)
  3 black mambas
  A gargoyle (D:13)
  An ice statue (IceCv)
  An orange demon (Orc:2)
  Psyche (D:11)
  16 spiny frogs
  6 komodo dragons
  An efreet (D:13)
  A kobold demonologist (D:13)
  A rime drake (Lair:6)
  3 yaktaurs (D:15)
  2 ice devils (D:11)
  A tengu conjurer (D:15)
  5 trolls
  A troll (shapeshifter) (D:15)
  2 red devils (Orc:2)
  27 polar bears
  A queen bee (Lair:3)
  3 meliai (D:14)
  A merfolk (Lair:3)
  6 hornets
  9 hippogriffs
  A hornet (shapeshifter) (D:13)
  7 blink frogs
  14 spriggans (Lair:6)
  2 shadows
  10 wyverns
  2 wraiths
  61 yaks
  A steam dragon (D:12)
  3 hogs
  A basilisk (Lair:2)
  Grum (D:10)
  A human (D:8)
  6 vampire mosquitoes
  2 acid dragons (D:15)
  7 wargs
  10 water moccasins
  5 porcupines
  37 orc warriors
  5 sky beasts
  2 phantoms
  An eye of draining (D:12)
  2 ice beasts (D:13)
  9 black bears
  10 ogres
  4 boggarts (Lair:6)
  40 wolves
  17 crocodiles
  3 centaurs
  A big kobold (D:11)
  21 bullfrogs
  A gnoll sergeant (D:8)
  A wyvern zombie (D:11)
  2 wyvern skeletons
  3 scorpions
  29 killer bees
  A water moccasin skeleton (D:6)
  5 wights (D:7)
  4 electric eels
  2 howler monkeys
  11 crimson imps
  A quasit (D:9)
  8 hounds
  33 orc priests
  2 jellies
  2 centaur skeletons
  A bullfrog zombie (D:12)
  Crazy Yiuf (D:2)
  A bullfrog skeleton (D:4)
  Jessica (D:2)
  4 iguanas
  Natasha (thrice) (D:2)
  21 orc wizards
  9 worker ants
  Robin (D:1)
  2 worker ant zombies
  A howler monkey skeleton (D:4)
  7 gnolls (D:8)
  11 adders
  4 river rats (Sewer)
  6 shadow imps
  2 oozes
  2 adder skeletons
  An adder zombie (D:6)
  3 worms
  3 dart slugs
  3 leopard geckos
  100 orcs
  5 ball pythons
  6 giant cockroaches
  12 goblins
  8 hobgoblins
  22 jackals
  4 quokkas
  4 bats
  4 frilled lizards
  A giant cockroach zombie (D:4)
  24 kobolds
  A quokka skeleton (D:9)
  27 rats
  5 fungi
  7 plants
891 creatures vanquished.

Vanquished Creatures (collateral kills)
  A slime creature (D:13)
1 creature vanquished.

Vanquished Creatures (others)
  16 fungi
  39 plants
55 creatures vanquished.

Grand Total: 947 creatures vanquished

Notes
Turn   | Place    | Note
-------+----------+-------------------------------------------
     0 | D:1      | vuev the Minotaur Monk began the quest for the Orb.
     0 | D:1      | Reached XP level 1. HP: 22/22 MP: 0/0
   234 | D:1      | Reached skill level 5 in Fighting
   327 | D:1      | Reached skill level 1 in Throwing
   382 | D:1      | Reached XP level 2. HP: 25/29 MP: 1/1
  1494 | D:2      | Noticed Robin
  1504 | D:2      | Reached XP level 3. HP: 27/36 MP: 2/2
  1511 | D:1      | Killed Robin
  2005 | D:2      | Reached skill level 1 in Armour
  2162 | D:2      | Noticed Natasha
  2166 | D:2      | Killed Natasha
  2166 | D:2      | Reached XP level 4. HP: 33/42 MP: 3/3
  2459 | D:2      | Noticed Jessica
  2483 | D:2      | Killed Jessica
  2590 | D:2      | Noticed Natasha
  2594 | D:2      | Killed Natasha
  2594 | D:2      | Reached XP level 5. HP: 41/48 MP: 4/4
  2606 | D:2      | Noticed Natasha
  2615 | D:2      | Killed Natasha
  2982 | D:2      | Found a runed door.
  2990 | D:2      | Noticed Crazy Yiuf
  2995 | D:2      | Killed Crazy Yiuf
  3119 | D:2      | Reached skill level 5 in Armour
  3277 | D:3      | Found an ornate altar of the Wu Jian Council.
  3407 | D:3      | Found a glowing drain.
  3410 | D:3      | Reached skill level 1 in Axes
  3427 | Sewer    | Entered a sewer
  3574 | Sewer    | Reached skill level 2 in Axes
  3696 | Sewer    | Reached XP level 6. HP: 52/56 MP: 5/5
  3871 | Sewer    | Reached skill level 3 in Axes
  4843 | D:3      | Reached skill level 4 in Axes
  5166 | D:4      | Reached skill level 5 in Axes
  5284 | D:4      | Found a shattered altar of Ashenzari.
  5307 | D:4      | Reached XP level 7. HP: 61/61 MP: 6/6
  5334 | D:4      | Reached skill level 6 in Axes
  5352 | D:4      | Found a staircase to the Ecumenical Temple.
  5361 | Temple   | Entered the Ecumenical Temple
  5550 | Temple   | Became a worshipper of Makhleb the Destroyer
  5550 | Temple   | Reached * piety under Makhleb
  5550 | Temple   | Reached ** piety under Makhleb
  5752 | D:4      | Reached skill level 7 in Axes
  5943 | D:4      | Found Poxkomut's Antique Weapon Emporium.
  6095 | D:4      | Found Oxeng's Antique Weapon Emporium.
  6124 | D:4      | Found Coerinti's Book Emporium.
  6127 | D:4      | Got a translucent copper amulet
  6128 | D:4      | Identified the amulet "Fuza" {*Corrode Regen+ Dex+5} (You found it on level 4 of the Dungeon)
  6467 | D:4      | Found a blossoming altar of Fedhas.
  6467 | D:4      | Found a sparkling altar of Nemelex Xobeh.
  6631 | D:5      | Entered Level 5 of the Dungeon
  6805 | D:5      | Found a snail-covered altar of Cheibriados.
  7083 | D:5      | Reached skill level 8 in Axes
  7648 | D:6      | Reached XP level 8. HP: 68/68 MP: 7/7
  7660 | D:6      | Reached skill level 9 in Axes
  8084 | D:6      | Identified the +0 leather armour of Complete Protection {rF+ rC+} (You found it on level 6 of the Dungeon)
  8450 | D:7      | Reached skill level 10 in Axes
  8953 | D:7      | Reached skill level 11 in Axes
  9002 | D:7      | Reached *** piety under Makhleb
  9510 | D:8      | Reached XP level 9. HP: 72/74 MP: 8/8
  9514 | D:8      | Reached skill level 12 in Axes
 10248 | D:8      | Reached skill level 13 in Axes
 10477 | D:9      | Reached skill level 14 in Axes
 10589 | D:9      | Found a staircase to the Lair.
 10657 | D:9      | Reached **** piety under Makhleb
 10734 | D:9      | Noticed an ice devil
 10736 | D:9      | Noticed an ice devil
 10736 | D:9      | Noticed an ice devil
 10741 | D:9      | Noticed an ice devil
 10743 | D:9      | Noticed an ice statue
 11116 | D:9      | Reached XP level 10. HP: 66/81 MP: 9/9
 11300 | Lair:1   | Entered Level 1 of the Lair of Beasts
 11439 | Lair:1   | Noticed a black mamba
 11440 | Lair:1   | Noticed a spiny frog
 11448 | Lair:1   | Killed a black mamba
 11448 | Lair:1   | Reached skill level 15 in Axes
 11448 | Lair:1   | Reached skill level 1 in Invocations
 11674 | Lair:1   | Noticed a spiny frog
 11680 | Lair:1   | Killed a spiny frog
 11727 | Lair:1   | Noticed a spiny frog
 11742 | Lair:1   | Killed a spiny frog
 11743 | Lair:1   | Noticed a seven-headed hydra
 11755 | Lair:1   | HP: 1/81 [seven-headed hydra (9)]
 12270 | Lair:1   | Killed a seven-headed hydra
 12270 | Lair:1   | Reached skill level 16 in Axes
 13396 | Lair:2   | Noticed a spiny frog
 13405 | Lair:2   | Killed a spiny frog
 13405 | Lair:2   | Reached XP level 11. HP: 88/88 MP: 13/13
 13937 | Lair:2   | Noticed a four-headed hydra
 13950 | Lair:2   | Killed a four-headed hydra
 14250 | Lair:2   | Paralysed by a hornet for 1 turns
 14489 | Lair:2   | Found a sacrificial altar of Ru.
 14611 | Lair:3   | Reached skill level 1 in Evocations
 14693 | Lair:3   | Reached ***** piety under Makhleb
 14862 | Lair:3   | Noticed an oklob plant
 14959 | Lair:3   | Noticed a five-headed hydra
 14971 | Lair:3   | Killed a five-headed hydra
 15294 | Lair:3   | Found a staircase to the Shoals.
 15964 | Lair:3   | Reached skill level 10 in Armour
 16305 | Lair:4   | Reached XP level 12. HP: 87/101 MP: 14/14
 16473 | Lair:4   | Found a staircase to the Snake Pit.
 16512 | Lair:4   | Noticed a seven-headed hydra
 16523 | Lair:4   | Killed a seven-headed hydra
 16665 | Lair:4   | Noticed a seven-headed hydra
 16666 | Lair:4   | Noticed an eight-headed hydra
 16683 | Lair:4   | Killed an eight-headed hydra
 16683 | Lair:4   | Reached skill level 5 in Evocations
 16690 | Lair:4   | Killed a seven-headed hydra
 17362 | Lair:5   | Found a blossoming altar of Fedhas.
 17471 | Lair:5   | Noticed a six-headed hydra
 17482 | Lair:5   | Killed a six-headed hydra
 18108 | Lair:5   | Noticed a death yak
 18143 | Lair:5   | Killed a death yak
 18143 | Lair:5   | Reached skill level 10 in Fighting
 18329 | Lair:5   | Noticed a death yak
 18330 | Lair:5   | Noticed a death yak
 18368 | Lair:5   | Killed a death yak
 18382 | Lair:5   | Killed a death yak
 18767 | Lair:6   | Entered Level 6 of the Lair of Beasts
 19239 | Lair:6   | Noticed an eight-headed hydra
 19257 | Lair:6   | Killed an eight-headed hydra
 19455 | Lair:6   | Reached XP level 13. HP: 116/116 MP: 17/17
 20115 | Lair:6   | Paralysed by a hornet for 1 turns
 20585 | Lair:6   | Reached skill level 17 in Axes
 20943 | Lair:6   | Reached ****** piety under Makhleb
 21704 | Lair:6   | Paralysed by a hornet for 1 turns
 22318 | D:9      | Found Haohijum's Antique Armour Emporium.
 22326 | D:9      | Bought a shiny plate armour for 494 gold pieces
 22404 | D:10     | Entered Level 10 of the Dungeon
 22792 | D:10     | Found Kogitenk's General Store.
 22800 | D:10     | Bought a scroll of identify for 28 gold pieces
 22863 | D:10     | Noticed Grum
 22878 | D:10     | Killed Grum
 23125 | D:11     | Reached XP level 14. HP: 129/129 MP: 19/19
 23133 | D:11     | Found Pixodghea's Magic Scroll Shop.
 23142 | D:11     | Bought a scroll of teleportation for 33 gold pieces
 23142 | D:11     | Bought a scroll of blinking for 82 gold pieces
 23435 | D:11     | Found a frozen archway.
 23439 | D:11     | Reached skill level 18 in Axes
 23453 | IceCv    | Entered an ice cave
 24529 | IceCv    | Noticed a frost giant
 24538 | IceCv    | Killed a frost giant
 24571 | IceCv    | Got a scorched bronze ring
 24581 | IceCv    | Identified the ring "Igyweig" {rC+ Slay+2} (You found it in an ice cave)
 24811 | D:11     | Noticed Psyche
 24825 | D:11     | Killed Psyche
 24964 | D:11     | Found a huge runed gate.
 24964 | D:11     | Found a huge runed gate.
 24964 | D:11     | Found a huge runed gate.
 24964 | D:11     | Found a huge runed gate.
 25347 | D:12     | Found Sanaw's Weapon Shop.
 25347 | D:12     | Found a staircase to the Orcish Mines.
 25347 | D:12     | Found Pashrusu's Armour Shop.
 26376 | D:12     | Found Pisk's Antique Weapon Boutique.
 26498 | Orc:1    | Entered Level 1 of the Orcish Mines
 26498 | Orc:1    | Found a roughly hewn altar of Beogh.
 26755 | Orc:2    | Entered Level 2 of the Orcish Mines
 26799 | Orc:2    | Found Yczegun's Distillery.
 27018 | Orc:2    | Reached skill level 19 in Axes
 27127 | Orc:2    | Found Dyfapt's Food Boutique.
 27232 | Orc:2    | Bought a potion of curing for 51 gold pieces
 27232 | Orc:2    | Bought a potion of curing for 51 gold pieces
 27788 | Orc:2    | Found a staircase to the Elven Halls.
 28469 | Orc:2    | Reached XP level 15. HP: 139/139 MP: 20/20
 28496 | Orc:2    | Reached skill level 15 in Armour
 28576 | Orc:2    | Reached skill level 15 in Fighting
 29100 | Orc:2    | Reached skill level 5 in Dodging
 29102 | Orc:2    | Found Beneze's Antique Armour Shoppe.
 29102 | Orc:2    | Found Xitsal's Gadget Emporium.
 29103 | Orc:2    | Found a one-way gate leading to the halls of Pandemonium.
 29866 | D:13     | Found a blossoming altar of Fedhas.
 30192 | D:13     | Found a gate to the Vaults.
 30224 | D:13     | Identified Amop's Reference Book on Quantum Transformation
 30904 | D:14     | Found an ornate altar of the Wu Jian Council.
 31194 | D:15     | Entered Level 15 of the Dungeon
 31847 | D:15     | Found a staircase to the Depths.
 32021 | D:15     | Found a burning altar of Makhleb.
 32021 | D:15     | Noticed an Executioner
 32447 | Shoals:1 | Entered Level 1 of the Shoals
 32447 | Shoals:1 | Found Foted's Jewellery Shoppe.
 32447 | Shoals:1 | Noticed Donald
 32460 | Shoals:1 | HP: 6/216 [Donald/eveningstar of flaming (23)]
 32460 | Shoals:1 | Slain by Donald

Vault maps used:
D:1:      elethiomel_arrival_infinity_welcomes_careful_drivers,
          minmay_splitting_lines
D:2:      uniq_natasha, uniq_crazy_yiuf_cottage, uniq_robin, uniq_jessica
D:3:      lemuel_crystal_altar, portal_sewer_entry_d
D:4:      gammafunk_temple_overflow_pools, lemuel_crystal_altar,
          minmay_temple_entry_glassed_door, serial_shops, shop,
          kennysheep_mini_moat, shop, first_bread, grunt_ministairs_11, tgw_sif
D:5:      cheibriados_altar_1
D:9:      cheibrodos_frozen_isle, erik_lair_orcish_takeover, serial_shops, shop,
          grunt_livestock
D:10:     serial_glass, glass_columns_b, glass_columns_a, glass_columns_c,
          glass_columns_c, glass_columns_a, glass_columns_a, glass_columns_b,
          glass_columns_a, feat_on_display, due_unseen_surprise,
          feat_on_display, feat_on_display, serial_shops, nicolae_shop_crystal,
          uniq_grum
D:11:     lemuel_bear_cage, serial_shops, shop, portal_ice_cave_demonic_guard,
          uniq_psyche
D:12:     orc_david_3, serial_shops, nicolae_shop_behind_doors
D:13:     david_vaults_4, fedhas_altar_2
D:14:     basic_altar
D:15:     hangedman_depths_entry_try_elsewhere_first,
          minmay_misc_feat_diagonals, makhleb_altar_promises_db
Temple:   eino_narrow_crystal_temple
Lair:1:   serial_bayou, serial_bayou_pond_b, serial_bayou_lagoon_a,
          serial_bayou_ford_a, serial_bayou_pond_c, infiniplex_staircase_pool_2
Lair:2:   basic_altar
Lair:3:   elwin_shoals_entry_rooms, special_room
Lair:4:   dummy_snake_entry, beast_lair_carwin_7, grunt_megastairs_5
Lair:5:   basic_altar
Lair:6:   minmay_lair_end_enchanted_forest, minmay_slime_entry_oklob_enclosed
Shoals:1: serial_shops, shop, uniq_donald
Orc:1:    basic_altar
Orc:2:    pf_orc_diabolical
Sewer:    sewer_minmay_treatment
IceCv:    ice_cave_caverns_01

Skill      XL: |  1  2  3  4  5  6  7  8  9 10 11 12 13 14 15 |
---------------+----------------------------------------------+-----
Fighting       | 5 8 11 13 14 16 | 16.0
Throwing       | 1 2 3 |  3.1
Armour         | 2 4 5 10 11 13 14 16 | 16.0
Axes           | 2 5 8 11 14 16 17 19 | 19.8
Invocations    | 4 |  4.0
Evocations     | 4 7 8 |  8.0
Dodging        | 7 |  7.1
Stealth        | |  3.2

Action                   |  1- 3 |  4- 6 |  7- 9 | 10-12 | 13-15 || total
-------------------------+-------+-------+-------+-------+-------++-------
Melee: Club              |    77 |    43 |       |       |       ||   120
       Headbutt          |    17 |    27 |    60 |   130 |   359 ||   593
       Unarmed           |     2 |       |       |       |       ||     2
       Dagger            |    20 |       |       |       |       ||    20
       Quarterstaff      |       |   101 |       |    45 |    11 ||   157
       War axe           |       |    35 |   331 |   504 |   829 ||  1699
       Battleaxe         |       |       |       |       |   698 ||   698
Throw: Stone             |    18 |     2 |    17 |       |       ||    37
       Tomahawk          |       |       |     3 |    20 |    11 ||    34
Invok: Minor Destruction |       |       |       |       |    13 ||    13
 Abil: Evoke Berserk Rag |       |       |       |    10 |     7 ||    17
Evoke: Wand              |       |     3 |     2 |    13 |     8 ||    26
  Use: Scroll            |     1 |     4 |    12 |     5 |    12 ||    34
       Potion            |       |     4 |       |     4 |     6 ||    14
 Stab: Sleeping          |     3 |     3 |       |       |       ||     6
       Distracted        |       |       |     1 |       |       ||     1
  Eat: Royal jelly       |     1 |       |       |       |       ||     1
       Chunk             |     2 |    10 |    14 |    21 |    30 ||    77
       Fruit             |       |       |     5 |     8 |     6 ||    19
       Bread ration      |       |       |       |     2 |     3 ||     5
Armor: Robe              |    11 |       |       |       |       ||    11
       Ring mail         |     7 |    55 |       |       |       ||    62
       Chain mail        |       |    19 |   107 |   247 |   226 ||   599
       Plate armour      |       |       |       |       |   673 ||   673
Dodge: Dodged            |    53 |   143 |   180 |   285 |   576 ||  1237
Block: Other             |       |       |    21 |     2 |       ||    23
